Penguins vs Admirals NSH

Created - Tuesday, January 06, 2015 at 00:45

Goals
1 2 3 T
Penguins 0 1 2 3
Admirals NSH 1 0 0 1
Shots
1 2 3 T
Penguins 6 6 16 28
Admirals NSH 8 10 10 28

1st period

1. Admirals NSH , Matt Fraser 11 (Jamie Tardif) at 1:38

Penalties :
Pierre-Cedric Labrie (MIL) for Fighting (Major) at 0:49, Matt Kassian (WBS) for Fighting (Major) at 0:49, Brody Sutter (MIL) for Hooking (Minor) at 3:17, Pierre-Cedric Labrie (MIL) for Goalie Interference (Minor) at 6:50

2nd period

2. Penguins , Cody Ceci 8 (Carson McMillan) at 1:11

Penalties :
Pierre-Cedric Labrie (MIL) for Fighting (Major) at 7:36, Matt Kassian (WBS) for Fighting (Major) at 7:36, Pierre-Cedric Labrie (MIL) for instigated a fight (Minor) at 7:36, Pierre-Cedric Labrie (MIL) for instigated a fight (10 Minutes Misconduct) at 7:36, Drew Bagnall (WBS) for Roughing (Minor) at 14:35

3rd period

3. Penguins , Andrej Sustr 39 (Chris Huxley, Tye McGinn) at 0:16
4. Penguins , Andrej Sustr 40 (Matt Kassian) at 1:34 (PP)

Penalties :
Jyrki Jokipakka (MIL) for Delaying the game (Minor) at 0:22, Drew Bagnall (WBS) for Cross-checking (Minor) at 3:26

Goalie Stats

Mark Visentin (WBS), 27 saves from 28 shots - (0.964), W, 3-0-2, 60:00 minutes
Johan Gustafsson (MIL), 25 saves from 28 shots - (0.893), L, 14-27-3, 60:00 minutes

Players Stats for Penguins

Player Name              G  A  P  +/- PIM S  H  SB GA TA FO     MP     PP MP  PK MP  
------------------------------------------------------------------------------------
Andrej Sustr             2  0  2   0  0   7  0  3  4  0  0/0    27:34   2:48   0:41 
Carson McMillan          0  1  1   1  0   0  2  0  0  0  7/15   19:45   3:43   0:00 
Charles Sarault          0  0  0   0  0   2  0  0  0  1  2/6    16:31   2:22   0:00 
Chris Huxley             0  1  1   1  0   0  1  1  0  1  0/0    18:42   4:21   3:17 
Cody Ceci                1  0  1   1  0   6  3  0  0  2  0/0    25:08   4:21   3:17 
Curtis McKenzie          0  0  0   1  0   1  1  0  0  0  6/7    17:18   0:00   2:37 
Dan Biega                0  0  0  -1  0   0  0  0  0  0  0/0    20:45   2:48   0:41 
Dean Arsene              0  0  0   0  0   0  0  0  0  0  0/0     0:00   0:00   0:00 
Drew Bagnall             0  0  0   1  4   0  1  0  0  0  0/0    18:02   0:00   0:00 
Garrett Meurs            0  0  0   1  0   0  1  1  0  0  1/1    20:25   3:43   0:18 
Hunter Bishop            0  0  0  -1  0   0  0  0  0  1  0/0    15:01   0:23   0:00 
Linden Vey               0  0  0   1  0   4  0  0  1  2  3/4    23:11   3:22   2:03 
Matt Kassian             0  1  1   1  10  5  1  0  3  2  0/1    17:42   1:26   1:37 
Matt Mangene             0  0  0   0  0   0  0  0  0  0  0/0     0:28   0:00   0:00 
Philippe Cornet          0  0  0  -1  0   0  2  0  0  0  6/10   19:29   3:26   1:21 
Trevor Parkes            0  0  0   0  0   0  1  0  0  0  0/0     5:22   0:04   0:00 
Tye McGinn               0  1  1   0  0   3  3  0  5  0  0/0    20:10   2:58   0:00 
Xavier Ouellet           0  0  0   0  0   0  0  0  0  1  0/0    10:25   0:00   0:00 

Players Stats for Admirals NSH

Player Name              G  A  P  +/- PIM S  H  SB GA TA FO     MP     PP MP  PK MP  
------------------------------------------------------------------------------------
Adam Cracknell           0  0  0  -1  0   1  2  0  4  0  7/18   22:02   1:53   3:48 
Alexey Marchenko         0  0  0   0  0   0  1  1  0  2  0/0    21:23   1:50   2:40 
Brody Sutter             0  0  0   1  2   1  2  0  1  1  6/10   21:01   0:54   0:40 
Cameron Schilling        0  0  0   0  0   3  1  1  1  0  0/0    16:24   0:00   1:12 
Corey Tropp              0  0  0  -2  0   7  2  0  3  1  2/6    21:22   2:10   1:13 
Farm Player71            0  0  0   0  0   0  0  0  0  0  0/1    14:38   0:48   2:41 
Frederic St. Denis       0  0  0   0  0   0  0  0  0  0  0/0     0:28   0:28   0:00 
Fredrik Claesson         0  0  0  -1  0   1  4  2  1  2  0/0    24:31   2:08   4:29 
Jamie Tardif             0  1  1   0  0   0  1  0  2  0  0/1    20:45   1:22   5:44 
Jyrki Jokipakka          0  0  0  -1  2   0  0  2  1  0  0/0    23:18   2:08   3:17 
Lane MacDermid           0  0  0   0  0   0  0  0  0  0  0/0     0:00   0:00   0:00 
Marcel Noebels           0  0  0   0  0   0  1  1  1  0  0/0    14:16   0:00   0:00 
Matt Fraser              1  0  1   1  0   9  1  0  2  0  0/1    18:29   1:42   0:12 
Mike Blunden             0  0  0  -2  0   3  2  0  0  1  0/1    16:22   0:49   0:00 
Nikita Nesterov          0  0  0   0  0   1  1  0  1  2  0/0    15:12   0:00   0:00 
Patrick Mullen           0  0  0   0  0   1  0  1  0  1  0/0    20:17   1:50   2:40 
Pierre-Cedric Labrie     0  0  0   0  24  1  0  0  1  0  0/0    13:45   1:05   0:00 
Zach Hamill              0  0  0   0  0   0  0  0  0  0  4/6     8:33   0:43   0:00 

3 Stars

1 - Andrej Sustr (WBS)
2 - Mark Visentin (WBS)
3 - Cody Ceci (WBS)

Power Play

Penguins - 1 on 4 Attempt(s) - 25.00%
Admirals NSH - 0 on 2 Attempt(s) - 0.00%

Penalty Kill

Penguins - 2 on 2 Attempt(s) - 100.00% - Score 0 goal in Penalty Kill
Admirals NSH - 3 on 4 Attempt(s) - 75.00% - Score 0 goal in Penalty Kill

Team Stat

Penguins - Hits : 16 - Faceoff Wins : 25 - Blocked Shots : 5 - Penalty Minutes : 14
Admirals NSH - Hits : 18 - Faceoff Wins : 19 - Blocked Shots : 8 - Penalty Minutes : 28

Official

Referees : Unknown
Linesman : Unknown

Game Notes

Matt Kassian beats up Pierre-Cedric Labrie at 0:49 of 1st period
Pierre-Cedric Labrie beats up Matt Kassian at 7:36 of 2nd period

Finance

Level 1 -- Attendance: 1394 (69.70%) -- Ticket Income $48,790
Level 2 -- Attendance: 781 (78.10%) -- Ticket Income $11,715
Total Attendance: 2175 (72.50%)
Total Ticket Income: $60,505
Other Income: $29,647
Total Income: $90,152

Penguins

5 vs 5 Forward 
   Center                   Left Wing                Right Wing               Time % Phy DF OF 
 1 Curtis McKenzie          Tye McGinn               Linden Vey               35     1   2  2  
 2 Carson McMillan          Matt Kassian             Garrett Meurs            30     1   2  2  
 3 Charles Sarault          Philippe Cornet          Linden Vey               22     1   2  2  
 4 Philippe Cornet          Hunter Bishop            Tye McGinn               13     1   2  2  

5 vs 5 Defense 
   Defense                  Defense                                           Time % Phy DF OF 
 1 Drew Bagnall             Cody Ceci                                         35     1   2  2  
 2 Andrej Sustr             Dan Biega                                         30     1   2  2  
 3 Andrej Sustr             Chris Huxley                                      22     1   2  2  
 4 Andrej Sustr             Xavier Ouellet                                    13     1   2  2  

PowerPlay Forward 
   Center                   Left Wing                Right Wing               Time % Phy DF OF 
 1 Philippe Cornet          Linden Vey               Tye McGinn               60     1   2  2  
 2 Carson McMillan          Matt Kassian             Garrett Meurs            40     1   2  2  

PowerPlay Defense
   Defense                  Defense                                           Time % Phy DF OF 
 1 Chris Huxley             Cody Ceci                                         60     1   2  2  
 2 Andrej Sustr             Dan Biega                                         40     1   2  2  

Penalty Kill 4 Players Forward 
   Center                   Wing                     Time % Phy DF OF 
 1 Linden Vey               Curtis McKenzie          60     1   2  2  
 2 Matt Kassian             Philippe Cornet          40     1   2  2  

Penalty Kill 4 Players Defense
   Defense                  Defense                  Time % Phy DF OF 
 1 Chris Huxley             Cody Ceci                60     1   2  2  
 2 Andrej Sustr             Dan Biega                40     1   2  2  

Penalty Kill - 3 Players Forward 
   Forward                                           Time % Phy DF OF 
 1 Matt Kassian                                      60     1   2  2  
 2 Philippe Cornet                                   40     1   2  2  

Penalty Kill - 3 Players Defense
   Defense                  Defense                  Time % Phy DF OF 
 1 Chris Huxley             Drew Bagnall             60     1   2  2  
 2 Andrej Sustr             Dan Biega                40     1   2  2  

4 vs 4 Forward 
   Center                   Wing                     Time % Phy DF OF 
 1 Tye McGinn               Charles Sarault          60     1   2  2  
 2 Matt Kassian             Philippe Cornet          40     1   2  2  

4 vs 4 Defense
   Defense                  Defense                  Time % Phy DF OF 
 1 Drew Bagnall             Chris Huxley             60     1   2  2  
 2 Andrej Sustr             Dan Biega                40     1   2  2  

Last Minutes Offensive
   Center                   Left Wing                Right Wing               Defense                  Defense                  
   Curtis McKenzie          Tye McGinn               Linden Vey               Andrej Sustr             Cody Ceci                

Last Minutes Defensive
   Center                   Left Wing                Right Wing               Defense                  Defense                  
   Curtis McKenzie          Tye McGinn               Linden Vey               Andrej Sustr             Cody Ceci                

Goaltenders
Starting : Mark Visentin            
Backup : Keith Kinkaid            

Extra Forwards
Normal : Charles Sarault, Hunter Bishop, Matt Kassian - PP : Charles Sarault, Hunter Bishop - PK : Matt Kassian
Extra Defensemen
Normal : Dan Biega, Chris Huxley, Andrej Sustr - PP : Andrej Sustr - PK : Chris Huxley, Andrej Sustr
Penalty Shots
Hunter Bishop, Linden Vey, Matt Kassian, Philippe Cornet, Curtis McKenzie

Admirals NSH

5 vs 5 Forward 
   Center                   Left Wing                Right Wing               Time % Phy DF OF 
 1 Adam Cracknell           Mike Blunden             Corey Tropp              28     1   2  2  
 2 Brody Sutter             Pierre-Cedric Labrie     Matt Fraser              28     1   2  2  
 3 Adam Cracknell           Pierre-Cedric Labrie     Jamie Tardif             22     1   2  2  
 4 Corey Tropp              Marcel Noebels           Brody Sutter             22     1   2  2  

5 vs 5 Defense 
   Defense                  Defense                                           Time % Phy DF OF 
 1 Fredrik Claesson         Jyrki Jokipakka                                   30     1   2  2  
 2 Patrick Mullen           Alexey Marchenko                                  28     1   2  2  
 3 Nikita Nesterov          Cameron Schilling                                 21     1   2  2  
 4 Fredrik Claesson         Jyrki Jokipakka                                   21     1   2  2  

PowerPlay Forward 
   Center                   Left Wing                Right Wing               Time % Phy DF OF 
 1 Adam Cracknell           Pierre-Cedric Labrie     Corey Tropp              60     1   2  2  
 2 Brody Sutter             Jamie Tardif             Matt Fraser              40     1   2  2  

PowerPlay Defense
   Defense                  Defense                                           Time % Phy DF OF 
 1 Fredrik Claesson         Jyrki Jokipakka                                   60     1   2  2  
 2 Patrick Mullen           Alexey Marchenko                                  40     1   2  2  

Penalty Kill 4 Players Forward 
   Center                   Wing                     Time % Phy DF OF 
 1 Adam Cracknell           Jamie Tardif             60     1   2  2  
 2 Corey Tropp              Brody Sutter             40     1   2  2  

Penalty Kill 4 Players Defense
   Defense                  Defense                  Time % Phy DF OF 
 1 Fredrik Claesson         Jyrki Jokipakka          60     1   2  2  
 2 Patrick Mullen           Alexey Marchenko         40     1   2  2  

Penalty Kill - 3 Players Forward 
   Forward                                           Time % Phy DF OF 
 1 Brody Sutter                                      60     1   2  2  
 2 Corey Tropp                                       40     1   2  2  

Penalty Kill - 3 Players Defense
   Defense                  Defense                  Time % Phy DF OF 
 1 Fredrik Claesson         Jyrki Jokipakka          60     1   2  2  
 2 Patrick Mullen           Alexey Marchenko         40     1   2  2  

4 vs 4 Forward 
   Center                   Wing                     Time % Phy DF OF 
 1 Adam Cracknell           Pierre-Cedric Labrie     60     1   2  2  
 2 Corey Tropp              Brody Sutter             40     1   2  2  

4 vs 4 Defense
   Defense                  Defense                  Time % Phy DF OF 
 1 Fredrik Claesson         Jyrki Jokipakka          60     1   2  2  
 2 Patrick Mullen           Alexey Marchenko         40     1   2  2  

Last Minutes Offensive
   Center                   Left Wing                Right Wing               Defense                  Defense                  
   Adam Cracknell           Mike Blunden             Corey Tropp              Fredrik Claesson         Jyrki Jokipakka          

Last Minutes Defensive
   Center                   Left Wing                Right Wing               Defense                  Defense                  
   Adam Cracknell           Mike Blunden             Corey Tropp              Fredrik Claesson         Jyrki Jokipakka          

Goaltenders
Starting : Johan Gustafsson         
Backup : Jeremy Smith             

Extra Forwards
Normal : Jamie Tardif, Pierre-Cedric Labrie, Corey Tropp - PP : Jamie Tardif, Pierre-Cedric Labrie - PK : Corey Tropp
Extra Defensemen
Normal : Nikita Nesterov, Cameron Schilling, Patrick Mullen - PP : Nikita Nesterov - PK : Cameron Schilling, Patrick Mullen
Penalty Shots
Pierre-Cedric Labrie, Adam Cracknell, Corey Tropp, Brody Sutter, Mike Blunden

% Time on Ice - Penguins

Lines # - Real PCT - Wanted PCT - Time Play
Normal Forward
1 - 32% - 35% - 15:30
2 - 35% - 30% - 17:02
3 - 16% - 22% - 7:40
4 - 18% - 13% - 8:41
Normal Defense
1 - 37% - 35% - 18:06
2 - 28% - 30% - 13:35
3 - 17% - 22% - 8:24
4 - 18% - 13% - 8:48
PP Forward
1 - 47% - 60% - 3:22
2 - 53% - 40% - 3:47
PP Defense
1 - 61% - 60% - 4:21
2 - 39% - 40% - 2:48
PK Forward
1 - 100% - 60% - 3:58
2 - 0% - 40% - 0:00
PK Defense
1 - 83% - 60% - 3:17
2 - 17% - 40% - 0:41
PK3 Forward
1 - 0% - 60%
2 - 0% - 40%
PK3 Defense
1 - 0% - 60%
2 - 0% - 40%
44 Forward
1 - 0% - 60%
2 - 0% - 40%
44 Defense
1 - 0% - 60%
2 - 0% - 40%
Last Minute Offensive  - 0:00
Last Minute Defensive  - 0:00
Total
Forward - 60:00
Defense - 60:00

% Time on Ice - Admirals NSH

Lines # - Real PCT - Wanted PCT - Time Play
Normal Forward
1 - 27% - 28% - 13:03
2 - 29% - 28% - 13:57
3 - 21% - 22% - 10:25
4 - 23% - 22% - 11:28
Normal Defense
1 - 22% - 30% - 10:58
2 - 32% - 28% - 15:47
3 - 31% - 21% - 15:12
4 - 14% - 21% - 6:56
PP Forward
1 - 77% - 60% - 3:04
2 - 23% - 40% - 0:54
PP Defense
1 - 54% - 60% - 2:08
2 - 46% - 40% - 1:50
PK Forward
1 - 83% - 60% - 5:56
2 - 17% - 40% - 1:13
PK Defense
1 - 63% - 60% - 4:29
2 - 37% - 40% - 2:40
PK3 Forward
1 - 0% - 60%
2 - 0% - 40%
PK3 Defense
1 - 0% - 60%
2 - 0% - 40%
44 Forward
1 - 0% - 60%
2 - 0% - 40%
44 Defense
1 - 0% - 60%
2 - 0% - 40%
Last Minute Offensive  - 0:00
Last Minute Defensive  - 0:00
Total
Forward - 60:00
Defense - 60:00

Play by Play

1st period


0:01 of 1st period - Curtis McKenzie wins face-off versus Adam Cracknell in neutral zone.
0:26 of 1st period - Wrist shot by Adam Cracknell.
0:26 of 1st period - Shot Misses the Net.
0:49 of 1st period - Matt Kassian beats up Pierre-Cedric Labrie.
0:49 of 1st period - Penalty to Pierre-Cedric Labrie for Fighting.
0:49 of 1st period - Penalty to Matt Kassian for Fighting.
0:50 of 1st period - Adam Cracknell wins face-off versus Carson McMillan in neutral zone.
1:10 of 1st period - Slapshot by Andrej Sustr.
1:10 of 1st period - Stopped by Johan Gustafsson with a rebound.
1:12 of 1st period - Slapshot by Dan Biega.
1:12 of 1st period - Shot Misses the Net.
1:14 of 1st period - Slapshot by Andrej Sustr.
1:14 of 1st period - Shot Blocked by Patrick Mullen.
1:38 of 1st period - Slapshot by Matt Fraser.
1:38 of 1st period - Goal by Matt Fraser - Penguins : 0 - Admirals NSH : 1.
1:39 of 1st period - Charles Sarault wins face-off versus Brody Sutter in neutral zone.
2:06 of 1st period - Snap shot by Matt Fraser.
2:06 of 1st period - Stopped by Mark Visentin with a rebound.
2:08 of 1st period - Snap shot by Nikita Nesterov.
2:08 of 1st period - Deflect By Andrej Sustr.
2:08 of 1st period - Stopped by Mark Visentin with a rebound.
2:12 of 1st period - Snap shot by Matt Fraser.
2:12 of 1st period - Shot Blocked by Chris Huxley.
2:22 of 1st period - Philippe Cornet is hit by Cameron Schilling and loses puck.
2:29 of 1st period - Snap shot by Corey Tropp.
2:29 of 1st period - Stopped by Mark Visentin with a rebound.
2:31 of 1st period - Slapshot by Brody Sutter.
2:31 of 1st period - Shot Misses the Net.
2:33 of 1st period - Slapshot by Fredrik Claesson.
2:33 of 1st period - Deflect By Corey Tropp.
2:33 of 1st period - Shot Blocked by Andrej Sustr.
2:33 of 1st period - Puck is out of play.
2:34 of 1st period - Corey Tropp wins face-off versus Carson McMillan in Penguins zone.
2:47 of 1st period - Slapshot by Carson McMillan.
2:47 of 1st period - Shot Blocked by Marcel Noebels.
3:11 of 1st period - Slapshot by Cody Ceci.
3:11 of 1st period - Shot Misses the Net.
3:17 of 1st period - Minor Penalty to Brody Sutter for Hooking.
3:18 of 1st period - Adam Cracknell wins face-off versus Philippe Cornet in Admirals NSH zone.
3:41 of 1st period - Snap shot by Linden Vey.
3:41 of 1st period - Shot Misses the Net.
3:53 of 1st period - Alexey Marchenko is hit by Chris Huxley and loses puck.
4:08 of 1st period - Slapshot by Andrej Sustr.
4:08 of 1st period - Stopped by Johan Gustafsson without a rebound.
4:09 of 1st period - Garrett Meurs wins face-off versus Corey Tropp in Admirals NSH zone.
4:10 of 1st period - Slapshot by Andrej Sustr.
4:10 of 1st period - Shot Misses the Net.
5:14 of 1st period - Slapshot by Cody Ceci.
5:14 of 1st period - Shot Misses the Net.
5:17 of 1st period - Penalty to Brody Sutter is over, Brody Sutter is back on ice.
5:56 of 1st period - Snap shot by Brody Sutter.
5:56 of 1st period - Stopped by Mark Visentin without a rebound.
5:57 of 1st period - Philippe Cornet wins face-off versus Brody Sutter in Penguins zone.
6:37 of 1st period - Slapshot by Andrej Sustr.
6:37 of 1st period - Shot Blocked by Cameron Schilling.
6:39 of 1st period - Snap shot by Matt Kassian.
6:39 of 1st period - Stopped by Johan Gustafsson with a rebound.
6:50 of 1st period - Minor Penalty to Pierre-Cedric Labrie for Goalie Interference.
6:51 of 1st period - Carson McMillan wins face-off versus Farm Player71 in Admirals NSH zone.
7:03 of 1st period - Snap shot by Cody Ceci.
7:03 of 1st period - Deflect By Jamie Tardif.
7:03 of 1st period - Stopped by Johan Gustafsson with a rebound.
8:50 of 1st period - Penalty to Pierre-Cedric Labrie is over, Pierre-Cedric Labrie is back on ice.
9:09 of 1st period - Slapshot by Andrej Sustr.
9:09 of 1st period - Deflect By Philippe Cornet.
9:09 of 1st period - Shot Misses the Net.
9:09 of 1st period - Puck is out of play.
9:10 of 1st period - Philippe Cornet wins face-off versus Brody Sutter in Admirals NSH zone.
9:15 of 1st period - Snap shot by Cody Ceci.
9:15 of 1st period - Deflect By Charles Sarault.
9:15 of 1st period - Stopped by Johan Gustafsson without a rebound.
9:16 of 1st period - Brody Sutter wins face-off versus Philippe Cornet in Admirals NSH zone.
9:16 of 1st period - Brody Sutter is hit by Philippe Cornet.
10:29 of 1st period - Snap shot by Tye McGinn.
10:29 of 1st period - Deflect By Corey Tropp.
10:29 of 1st period - Shot Misses the Net.
10:29 of 1st period - Puck is out of play.
10:30 of 1st period - Adam Cracknell wins face-off versus Philippe Cornet in Admirals NSH zone.
10:59 of 1st period - Andrej Sustr is hit by Nikita Nesterov.
11:43 of 1st period - Snap shot by Matt Fraser.
11:43 of 1st period - Shot Misses the Net.
12:19 of 1st period - Wrist shot by Mike Blunden.
12:19 of 1st period - Shot Misses the Net.
12:21 of 1st period - Snap shot by Matt Fraser.
12:21 of 1st period - Stopped by Mark Visentin with a rebound.
13:09 of 1st period - Wrist shot by Jamie Tardif.
13:09 of 1st period - Deflect By Cody Ceci.
13:09 of 1st period - Shot Misses the Net.
13:09 of 1st period - Puck is out of play.
13:10 of 1st period - Zach Hamill wins face-off versus Carson McMillan in Penguins zone.
14:08 of 1st period - Marcel Noebels is hit by Curtis McKenzie and loses puck.
14:31 of 1st period - Snap shot by Tye McGinn.
14:31 of 1st period - Stopped by Johan Gustafsson with a rebound.
14:49 of 1st period - Wrist shot by Zach Hamill.
14:49 of 1st period - Shot Misses the Net.
14:51 of 1st period - Wrist shot by Matt Fraser.
14:51 of 1st period - Stopped by Mark Visentin without a rebound.
14:52 of 1st period - Zach Hamill wins face-off versus Carson McMillan in Penguins zone.
15:25 of 1st period - Snap shot by Linden Vey.
15:25 of 1st period - Shot Misses the Net.
15:59 of 1st period - Chris Huxley is hit by Fredrik Claesson and loses puck.
16:27 of 1st period - Slapshot by Matt Fraser.
16:27 of 1st period - Stopped by Mark Visentin with a rebound.
18:03 of 1st period - Wrist shot by Matt Fraser.
18:03 of 1st period - Shot Misses the Net.
18:22 of 1st period - Off-side.
18:23 of 1st period - Corey Tropp wins face-off versus Philippe Cornet in neutral zone.
18:46 of 1st period - Snap shot by Matt Fraser.
18:46 of 1st period - Shot Misses the Net.
18:48 of 1st period - Slapshot by Fredrik Claesson.
18:48 of 1st period - Shot Hit the Post.
19:16 of 1st period - Curtis McKenzie is hit by Mike Blunden and loses puck.
19:31 of 1st period - Carson McMillan is hit by Corey Tropp and loses puck.
19:55 of 1st period - Snap shot by Pierre-Cedric Labrie.
19:55 of 1st period - Deflect By Brody Sutter.
19:55 of 1st period - Shot Misses the Net.
19:55 of 1st period - Puck is out of play.
19:56 of 1st period - Brody Sutter wins face-off versus Charles Sarault in Penguins zone.
Goals for this period are 0 for Penguins vs 1 for Admirals NSH.
Shots for this period are 6 for Penguins vs 8 for Admirals NSH.

2nd period


0:01 of 2nd period - Brody Sutter wins face-off versus Charles Sarault in neutral zone.
0:08 of 2nd period - Snap shot by Matt Fraser.
0:08 of 2nd period - Shot Misses the Net.
0:16 of 2nd period - Slapshot by Matt Fraser.
0:16 of 2nd period - Stopped by Mark Visentin with a rebound.
0:30 of 2nd period - Andrej Sustr is hit by Brody Sutter and loses puck.
0:58 of 2nd period - Cody Ceci is hit by Corey Tropp and loses puck.
1:11 of 2nd period - Slapshot by Cody Ceci.
1:11 of 2nd period - Goal by Cody Ceci - Penguins : 1 - Admirals NSH : 1.
1:12 of 2nd period - Curtis McKenzie wins face-off versus Adam Cracknell in neutral zone.
1:28 of 2nd period - Off-side.
1:29 of 2nd period - Curtis McKenzie wins face-off versus Adam Cracknell in neutral zone.
1:34 of 2nd period - Snap shot by Linden Vey.
1:34 of 2nd period - Stopped by Johan Gustafsson with a rebound.
2:12 of 2nd period - Slapshot by Corey Tropp.
2:12 of 2nd period - Stopped by Mark Visentin without a rebound.
2:13 of 2nd period - Carson McMillan wins face-off versus Corey Tropp in Penguins zone.
2:30 of 2nd period - Snap shot by Matt Kassian.
2:30 of 2nd period - Stopped by Johan Gustafsson without a rebound.
2:31 of 2nd period - Brody Sutter wins face-off versus Charles Sarault in Admirals NSH zone.
2:35 of 2nd period - Off-side.
2:36 of 2nd period - Charles Sarault wins face-off versus Brody Sutter in neutral zone.
2:41 of 2nd period - Slapshot by Andrej Sustr.
2:41 of 2nd period - Shot Misses the Net.
2:56 of 2nd period - Off-side.
2:57 of 2nd period - Adam Cracknell wins face-off versus Carson McMillan in neutral zone.
3:06 of 2nd period - Snap shot by Corey Tropp.
3:06 of 2nd period - Stopped by Mark Visentin with a rebound.
3:08 of 2nd period - Slapshot by Patrick Mullen.
3:08 of 2nd period - Shot Misses the Net.
3:10 of 2nd period - Wrist shot by Corey Tropp.
3:10 of 2nd period - Stopped by Mark Visentin with a rebound.
3:12 of 2nd period - Slapshot by Mike Blunden.
3:12 of 2nd period - Stopped by Mark Visentin without a rebound.
3:13 of 2nd period - Carson McMillan wins face-off versus Adam Cracknell in Penguins zone.
4:26 of 2nd period - Drew Bagnall is hit by Fredrik Claesson.
5:38 of 2nd period - Mike Blunden is hit by Tye McGinn and loses puck.
5:51 of 2nd period - Andrej Sustr is hit by Matt Fraser and loses puck.
6:04 of 2nd period - Wrist shot by Matt Fraser.
6:04 of 2nd period - Shot Blocked by Andrej Sustr.
6:32 of 2nd period - Slapshot by Cody Ceci.
6:32 of 2nd period - Stopped by Johan Gustafsson with a rebound.
7:12 of 2nd period - Snap shot by Tye McGinn.
7:12 of 2nd period - Shot Misses the Net.
7:30 of 2nd period - Dan Biega is hit by Fredrik Claesson and loses puck.
7:36 of 2nd period - Pierre-Cedric Labrie beats up Matt Kassian.
7:36 of 2nd period - Penalty to Pierre-Cedric Labrie for Fighting.
7:36 of 2nd period - Penalty to Matt Kassian for Fighting.
7:36 of 2nd period - Penalty to Pierre-Cedric Labrie for instigated a fight.
7:36 of 2nd period - Penalty to Pierre-Cedric Labrie for instigated a fight.
7:37 of 2nd period - Carson McMillan wins face-off versus Adam Cracknell in Penguins zone.
7:54 of 2nd period - Slapshot by Cody Ceci.
7:54 of 2nd period - Shot Misses the Net.
7:56 of 2nd period - Slapshot by Cody Ceci.
7:56 of 2nd period - Shot Blocked by Fredrik Claesson.
8:59 of 2nd period - Snap shot by Tye McGinn.
8:59 of 2nd period - Shot Misses the Net.
9:01 of 2nd period - Snap shot by Philippe Cornet.
9:01 of 2nd period - Shot Misses the Net.
9:03 of 2nd period - Snap shot by Cody Ceci.
9:03 of 2nd period - Stopped by Johan Gustafsson with a rebound.
9:05 of 2nd period - Snap shot by Cody Ceci.
9:05 of 2nd period - Shot Misses the Net.
9:15 of 2nd period - Cody Ceci is hit by Fredrik Claesson and loses puck.
9:22 of 2nd period - Slapshot by Cody Ceci.
9:22 of 2nd period - Shot Blocked by Jyrki Jokipakka.
9:24 of 2nd period - Slapshot by Chris Huxley.
9:24 of 2nd period - Shot Misses the Net.
9:26 of 2nd period - Slapshot by Cody Ceci.
9:26 of 2nd period - Shot Misses the Net.
9:36 of 2nd period - Penalty to Pierre-Cedric Labrie is over, Adam Cracknell is send on ice.
9:42 of 2nd period - Philippe Cornet is hit by Adam Cracknell and loses puck.
11:42 of 2nd period - Wrist shot by Corey Tropp.
11:42 of 2nd period - Shot Hit the Post.
11:44 of 2nd period - Slapshot by Nikita Nesterov.
11:44 of 2nd period - Shot Misses the Net.
11:46 of 2nd period - Slapshot by Cameron Schilling.
11:46 of 2nd period - Stopped by Mark Visentin with a rebound.
11:48 of 2nd period - Slapshot by Nikita Nesterov.
11:48 of 2nd period - Shot Blocked by Andrej Sustr.
11:50 of 2nd period - Snap shot by Cameron Schilling.
11:50 of 2nd period - Stopped by Mark Visentin with a rebound.
12:22 of 2nd period - Matt Fraser is hit by Tye McGinn and loses puck.
12:37 of 2nd period - Dan Biega is hit by Marcel Noebels and loses puck.
12:54 of 2nd period - Snap shot by Adam Cracknell.
12:54 of 2nd period - Shot Misses the Net.
13:23 of 2nd period - Slapshot by Fredrik Claesson.
13:23 of 2nd period - Stopped by Mark Visentin with a rebound.
13:41 of 2nd period - Wrist shot by Matt Kassian.
13:41 of 2nd period - Stopped by Johan Gustafsson with a rebound.
13:43 of 2nd period - Snap shot by Matt Kassian.
13:43 of 2nd period - Deflect By Hunter Bishop.
13:43 of 2nd period - Shot Misses the Net.
13:43 of 2nd period - Puck is out of play.
13:44 of 2nd period - Zach Hamill wins face-off versus Matt Kassian in Admirals NSH zone.
14:07 of 2nd period - Xavier Ouellet is hit by Adam Cracknell and loses puck.
14:32 of 2nd period - Snap shot by Matt Fraser.
14:32 of 2nd period - Deflect By Brody Sutter.
14:32 of 2nd period - Shot Misses the Net.
14:32 of 2nd period - Puck is out of play.
14:33 of 2nd period - Carson McMillan wins face-off versus Matt Fraser in Penguins zone.
14:35 of 2nd period - Minor Penalty to Drew Bagnall for Roughing.
14:36 of 2nd period - Linden Vey wins face-off versus Adam Cracknell in Penguins zone.
15:30 of 2nd period - Philippe Cornet is hit by Jamie Tardif.
15:34 of 2nd period - Jyrki Jokipakka is hit by Philippe Cornet and loses puck.
16:24 of 2nd period - Corey Tropp is hit by Cody Ceci and loses puck.
16:35 of 2nd period - Penalty to Drew Bagnall is over, Drew Bagnall is back on ice.
16:57 of 2nd period - Fredrik Claesson is hit by Matt Kassian and loses puck.
18:47 of 2nd period - Slapshot by Corey Tropp.
18:47 of 2nd period - Stopped by Mark Visentin without a rebound.
18:48 of 2nd period - Zach Hamill wins face-off versus Carson McMillan in Penguins zone.
18:49 of 2nd period - Wrist shot by Corey Tropp.
18:49 of 2nd period - Stopped by Mark Visentin with a rebound.
19:51 of 2nd period - Zach Hamill is hit by Carson McMillan and loses puck.
Goals for this period are 1 for Penguins vs 0 for Admirals NSH.
Shots for this period are 6 for Penguins vs 10 for Admirals NSH.

3rd period


0:01 of 3rd period - Adam Cracknell wins face-off versus Curtis McKenzie in neutral zone.
0:12 of 3rd period - Slapshot by Tye McGinn.
0:12 of 3rd period - Shot Blocked by Jyrki Jokipakka.
0:14 of 3rd period - Wrist shot by Chris Huxley.
0:14 of 3rd period - Shot Misses the Net.
0:16 of 3rd period - Slapshot by Andrej Sustr.
0:16 of 3rd period - Goal by Andrej Sustr - Penguins : 2 - Admirals NSH : 1.
0:17 of 3rd period - Linden Vey wins face-off versus Mike Blunden in neutral zone.
0:20 of 3rd period - Slapshot by Andrej Sustr.
0:20 of 3rd period - Stopped by Johan Gustafsson with a rebound.
0:22 of 3rd period - Minor Penalty to Jyrki Jokipakka for Delaying the game.
0:23 of 3rd period - Philippe Cornet wins face-off versus Adam Cracknell in Admirals NSH zone.
0:30 of 3rd period - Wrist shot by Linden Vey.
0:30 of 3rd period - Shot Misses the Net.
0:32 of 3rd period - Slapshot by Cody Ceci.
0:32 of 3rd period - Deflect By Tye McGinn.
0:32 of 3rd period - Shot Misses the Net.
0:32 of 3rd period - Puck is out of play.
0:33 of 3rd period - Philippe Cornet wins face-off versus Adam Cracknell in Admirals NSH zone.
0:40 of 3rd period - Snap shot by Linden Vey.
0:40 of 3rd period - Stopped by Johan Gustafsson with a rebound.
0:54 of 3rd period - Snap shot by Linden Vey.
0:54 of 3rd period - Stopped by Johan Gustafsson with a rebound.
0:56 of 3rd period - Snap shot by Philippe Cornet.
0:56 of 3rd period - Shot Misses the Net.
1:08 of 3rd period - Snap shot by Tye McGinn.
1:08 of 3rd period - Deflect By Linden Vey.
1:08 of 3rd period - Shot Misses the Net.
1:08 of 3rd period - Puck is out of play.
1:09 of 3rd period - Adam Cracknell wins face-off versus Carson McMillan in Admirals NSH zone.
1:26 of 3rd period - Slapshot by Andrej Sustr.
1:26 of 3rd period - Stopped by Johan Gustafsson with a rebound.
1:28 of 3rd period - Snap shot by Andrej Sustr.
1:28 of 3rd period - Deflect By Matt Kassian.
1:28 of 3rd period - Stopped by Johan Gustafsson with a rebound.
1:32 of 3rd period - Slapshot by Andrej Sustr.
1:32 of 3rd period - Shot Blocked by Fredrik Claesson.
1:34 of 3rd period - Slapshot by Andrej Sustr.
1:34 of 3rd period - Goal by Andrej Sustr - Penguins : 3 - Admirals NSH : 1.
1:35 of 3rd period - Curtis McKenzie wins face-off versus Corey Tropp in neutral zone.
1:56 of 3rd period - Snap shot by Tye McGinn.
1:56 of 3rd period - Stopped by Johan Gustafsson with a rebound.
2:07 of 3rd period - Backhand shot by Patrick Mullen.
2:07 of 3rd period - Stopped by Mark Visentin with a rebound.
2:09 of 3rd period - Snap shot by Patrick Mullen.
2:09 of 3rd period - Shot Misses the Net.
2:36 of 3rd period - 10 Minutes Misconduct Penalty to Pierre-Cedric Labrie is over.
2:44 of 3rd period - Corey Tropp is hit by Garrett Meurs and loses puck.
2:53 of 3rd period - Snap shot by Adam Cracknell.
2:53 of 3rd period - Shot Misses the Net.
3:16 of 3rd period - Snap shot by Matt Fraser.
3:16 of 3rd period - Stopped by Mark Visentin with a rebound.
3:26 of 3rd period - Minor Penalty to Drew Bagnall for Cross-checking.
3:27 of 3rd period - Linden Vey wins face-off versus Adam Cracknell in Penguins zone.
3:43 of 3rd period - Wrist shot by Corey Tropp.
3:43 of 3rd period - Shot Misses the Net.
3:45 of 3rd period - Snap shot by Jyrki Jokipakka.
3:45 of 3rd period - Shot Misses the Net.
3:59 of 3rd period - Snap shot by Matt Fraser.
3:59 of 3rd period - Stopped by Mark Visentin without a rebound.
4:00 of 3rd period - Brody Sutter wins face-off versus Linden Vey in Penguins zone.
5:26 of 3rd period - Penalty to Drew Bagnall is over, Drew Bagnall is back on ice.
6:36 of 3rd period - Nikita Nesterov is hit by Cody Ceci and loses puck.
8:13 of 3rd period - Wrist shot by Tye McGinn.
8:13 of 3rd period - Stopped by Johan Gustafsson with a rebound.
8:15 of 3rd period - Slapshot by Cody Ceci.
8:15 of 3rd period - Deflect By Matt Fraser.
8:15 of 3rd period - Stopped by Johan Gustafsson without a rebound.
8:16 of 3rd period - Philippe Cornet wins face-off versus Corey Tropp in Admirals NSH zone.
8:28 of 3rd period - Cody Ceci is hit by Alexey Marchenko and loses puck.
9:23 of 3rd period - Snap shot by Andrej Sustr.
9:23 of 3rd period - Stopped by Johan Gustafsson without a rebound.
9:24 of 3rd period - Adam Cracknell wins face-off versus Charles Sarault in Admirals NSH zone.
10:05 of 3rd period - Slapshot by Matt Kassian.
10:05 of 3rd period - Stopped by Johan Gustafsson with a rebound.
10:32 of 3rd period - Fredrik Claesson is hit by Cody Ceci and loses puck.
10:44 of 3rd period - Off-side.
10:45 of 3rd period - Carson McMillan wins face-off versus Adam Cracknell in neutral zone.
11:20 of 3rd period - Snap shot by Linden Vey.
11:20 of 3rd period - Shot Blocked by Alexey Marchenko.
11:22 of 3rd period - Backhand shot by Linden Vey.
11:22 of 3rd period - Stopped by Johan Gustafsson with a rebound.
11:24 of 3rd period - Snap shot by Curtis McKenzie.
11:24 of 3rd period - Stopped by Johan Gustafsson with a rebound.
11:52 of 3rd period - Slapshot by Adam Cracknell.
11:52 of 3rd period - Shot Misses the Net.
12:24 of 3rd period - Jyrki Jokipakka is hit by Drew Bagnall.
13:07 of 3rd period - Cameron Schilling is hit by Carson McMillan and loses puck.
13:16 of 3rd period - Slapshot by Cameron Schilling.
13:16 of 3rd period - Stopped by Mark Visentin without a rebound.
13:17 of 3rd period - Curtis McKenzie wins face-off versus Zach Hamill in Penguins zone.
13:22 of 3rd period - Snap shot by Cody Ceci.
13:22 of 3rd period - Stopped by Johan Gustafsson without a rebound.
13:23 of 3rd period - Curtis McKenzie wins face-off versus Adam Cracknell in Admirals NSH zone.
13:30 of 3rd period - Adam Cracknell is hit by Trevor Parkes and loses puck.
13:42 of 3rd period - Snap shot by Adam Cracknell.
13:42 of 3rd period - Stopped by Mark Visentin with a rebound.
15:19 of 3rd period - Icing by Patrick Mullen.
15:20 of 3rd period - Carson McMillan wins face-off versus Zach Hamill in Admirals NSH zone.
15:21 of 3rd period - Wrist shot by Charles Sarault.
15:21 of 3rd period - Stopped by Johan Gustafsson with a rebound.
15:58 of 3rd period - Icing by Garrett Meurs.
15:59 of 3rd period - Brody Sutter wins face-off versus Carson McMillan in Penguins zone.
17:14 of 3rd period - Snap shot by Nikita Nesterov.
17:14 of 3rd period - Shot Misses the Net.
17:16 of 3rd period - Snap shot by Mike Blunden.
17:16 of 3rd period - Stopped by Mark Visentin with a rebound.
17:18 of 3rd period - Wrist shot by Mike Blunden.
17:18 of 3rd period - Stopped by Mark Visentin with a rebound.
17:20 of 3rd period - Snap shot by Mike Blunden.
17:20 of 3rd period - Deflect By Jamie Tardif.
17:20 of 3rd period - Shot Misses the Net.
17:20 of 3rd period - Puck is out of play.
17:21 of 3rd period - Philippe Cornet wins face-off versus Jamie Tardif in Penguins zone.
18:12 of 3rd period - Charles Sarault is hit by Brody Sutter and loses puck.
18:23 of 3rd period - Slapshot by Corey Tropp.
18:23 of 3rd period - Stopped by Mark Visentin with a rebound.
18:37 of 3rd period - Jamie Tardif is hit by Tye McGinn.
19:05 of 3rd period - Wrist shot by Matt Fraser.
19:05 of 3rd period - Stopped by Mark Visentin with a rebound.
19:07 of 3rd period - Snap shot by Pierre-Cedric Labrie.
19:07 of 3rd period - Shot Blocked by Garrett Meurs.
19:09 of 3rd period - Wrist shot by Pierre-Cedric Labrie.
19:09 of 3rd period - Stopped by Mark Visentin with a rebound.
19:25 of 3rd period - Dan Biega is hit by Mike Blunden and loses puck.
Goals for this period are 2 for Penguins vs 0 for Admirals NSH.
Shots for this period are 16 for Penguins vs 10 for Admirals NSH.


Output by the SimonT Hockey Simulator (STHS) for Eric Dolegowski -- Original Page W3C XHTML 1.0 Valid
Hockey Simulator - Hockey Simulation - Hockey Manager